 Dungeon Crawl Stone Soup version 0.21.1-1-g345015fe64 (webtiles) character file.

10655 Ivernyr the Ogre Mage (level 11, -2/119 HPs)
             Began as an Ogre Wizard on May 8, 2018.
             Was an Elder of Sif Muna.
             Slain by a spiny frog (19 damage)
             ... on level 1 of the Lair of Beasts.
             The game lasted 02:12:46 (16737 turns).

Ivernyr the Ogre Mage (Ogre Wizard)                Turns: 16737, Time: 02:12:46

Health: -2/119     AC:  6    Str: 13    XL:     11   Next: 65%
Magic:  17/27      EV:  9    Int: 22    God:    Sif Muna [****..]
Gold:   467        SH:  0    Dex:  7    Spells: 26/35 levels left

rFire    . . .     SeeInvis .   l - +5 spear of Jakhed {venom, rC+}
rCold    + . .     Gourm    .   (no shield)
rNeg     . . .     Faith    .   a - +0 troll leather armour
rPois    .         Spirit   .   (helmet restricted)
rElec    .         Reflect  .   e - +0 cloak
rCorr    .         Harm     .   (gloves unavailable)
MR       +....                  (boots unavailable)
Stlth    +.........             (no amulet)
HPRegen  0.69/turn              j - ring of wizardry
MPRegen  0.20/turn              (no ring)

@: lethally poisoned (-2 -> -2)
A: large, unfitting armour, tough skin 1
a: Divine Energy, Channel Magic, Forget Spell, Renounce Religion


You were on level 1 of the Lair of Beasts.
You worshipped Sif Muna.
Sif Muna was greatly pleased with you.
You were not hungry.

You visited 2 branches of the dungeon, and saw 10 of its levels.
You also visited: Bailey.

You collected 467 gold pieces.

Inventory:

Hand Weapons
 l - the +5 spear of Jakhed (weapon) {venom, rC+}
   (You found it on level 5 of the Dungeon)

   It poisons the flesh of those it strikes.
   It protects you from cold.
Missiles
 H - 4 large rocks (quivered)
Armour
 a - a +0 troll leather armour (worn)
 e - a +0 cloak (worn)
 C - a +0 shield
Jewellery
 j - a ring of wizardry (left hand)
Wands
 k - a wand of enslavement (37)
 x - a wand of clouds (4)
 y - a wand of digging (13)
 F - a wand of random effects (26)
Scrolls
 b - 5 scrolls of remove curse
 f - 4 scrolls of immolation
 h - 5 scrolls of teleportation
 m - a scroll of identify
 n - a scroll of random uselessness {unknown}
 o - 6 scrolls of amnesia
 r - a scroll of fear {unknown}
 u - 4 scrolls of magic mapping
 w - a scroll of enchant weapon {unknown}
 D - 3 scrolls of blinking
 E - 2 scrolls of enchant armour
Potions
 g - a potion of haste {unknown}
 i - a potion of berserk rage {unknown}
 p - a potion of magic {unknown}
 q - a potion of ambrosia {unknown}
 s - 2 potions of brilliance
 t - a potion of agility {unknown}
 v - a potion of lignification {unknown}
 z - 3 potions of might {unknown}
 A - 6 potions of heal wounds
 B - 2 potions of curing {unknown}
 G - a potion of mutation {unknown}
Books
 c - a book of Minor Magic

   Spells                             Type                      Level
   a - Magic Dart                     Conjuration                  1
   b - Blink                          Translocation                2
   c - Call Imp                       Summoning                    2
   d - Slow                           Hexes                        2
   e - Conjure Flame                  Conjuration/Fire             3
   f - Mephitic Cloud                 Conjuration/Poison/Air       3
Comestibles
 d - 21 rations
 I - 4 chunks of flesh


   Skills:
 + Level 10.5 Fighting
 - Level 2.0 Dodging
 - Level 1.4 Stealth
 * Level 12.6 Spellcasting
 + Level 7.9 Conjurations
   Level 0.8 Summonings
 - Level 0.8 Translocations
 + Level 8.3 Invocations


You had 26 spell levels left.
You knew the following spells:

 Your Spells              Type           Power        Failure   Level  Hunger
a - Magic Dart            Conj           ####         1%          1    None
b - Blink                 Tloc           N/A          2%          2    None
c - Conjure Flame         Conj/Fire      ####....     1%          3    None
d - Mephitic Cloud        Conj/Pois/Air  ####....     2%          3    None


Dungeon Overview and Level Annotations

Branches:
Dungeon (9/15)             Temple (0/1) D:6            Lair (1/6) D:8
    Orc (0/2) D:9

Altars:
Cheibriados
Dithmenos
Elyvilon
Gozag
Makhleb
Qazlal
Sif Muna
The Shining One

Shops:
D:4 [


Innate Abilities, Weirdness & Mutations

You are too large for most types of armour.
You have tough skin. (AC +1)


Message History

The yak seems less confused.
The yak gores the yak.
The yak is engulfed in noxious fumes.
The yak appears confused.
You feel sick.
You feel sick.
Casting: Mephitic Cloud
Confirm with . or Enter, or press ? or * to list all spells.
You blink.
You feel sick.
The yak gores the spiny frog.
The yak gores you!
* * * LOW HITPOINT WARNING * * *
The yak gores the plant!
You feel sick.
The yak gores the yak!
You feel much better. The yak gores you but does no damage.
The spiny frog stings you!
* * * LOW HITPOINT WARNING * * *
You feel sick.
The yak seems less confused.
The yak seems less confused.
You feel sick. The yak gores you!
* * * LOW HITPOINT WARNING * * *
The spiny frog stings you!!
You die...

##÷# ###≈≈P...≈ #..#
##≈≈≈≈≈≈ #.## ####≈≈# ##†#
**#### ##..# *,****
###P.## **,,,,,
#######.#..# ###,,,...
#.........########.##,....
#......#Y@..##..##..##...#
#.......YFY............#.#
#........Y................
#.............[...........
#..Y.....PY...............
#........................?
#.$.....Y............/....
#.........................
#.........#...............


You could see 7 yaks and a spiny frog.

Vanquished Creatures
  2 two-headed ogres
  An orc knight (Bailey)
  Pikel (D:7)
  A cyclops (D:9)
  A black mamba (Lair:1)
  A hornet (D:8)
  A troll (D:9)
  Grinder (D:6)
  7 yaks
  A wyvern (D:8)
  A hungry ghost (D:8)
  Edmund (D:6)
  Menkaure (D:6)
  Duvessa (D:7)
  A water moccasin (D:8)
  A porcupine (Lair:1)
  2 black bears
  A swamp drake (D:9)
  7 orc warriors
  2 eyes of draining
  2 centaurs
  5 ogres
  3 phantoms
  4 wolves (Lair:1)
  A crocodile (Lair:1)
  A big kobold (D:7)
  3 bullfrogs
  2 gnoll sergeants (D:8)
  A wyvern skeleton (D:8)
  Dowan (D:7)
  3 scorpions
  17 killer bees
  4 crimson imps
  2 centaur zombies
  2 quasits (D:9)
  3 jellies
  5 hounds
  2 bullfrog skeletons
  7 orc priests
  9 orc wizards
  Jessica (D:3)
  3 iguanas
  5 worker ants
  A hound zombie (D:3)
  2 hound skeletons
  A howler monkey zombie (D:9)
  3 worker ant zombies (D:3)
  22 gnolls
  A howler monkey skeleton (D:3)
  15 adders
  5 shadow imps
  An ooze (D:1)
  2 adder skeletons
  5 worms
  A dart slug (D:3)
  A leopard gecko (D:7)
  39 orcs
  6 giant cockroaches
  6 goblins
  4 hobgoblins
  8 jackals
  14 kobolds
  4 quokkas
  7 bats
  8 frilled lizards
  A goblin skeleton (D:4)
  2 hobgoblin zombies (D:4)
  2 kobold skeletons (D:4)
  2 kobold zombies (D:4)
  2 leopard gecko zombies
  An orc skeleton (D:4)
  3 quokka zombies
  7 rats
  A fungus (Lair:1)
  A toadstool (D:1)
299 creatures vanquished.

Vanquished Creatures (others)
  A worker ant (D:7)
  An adder (D:7)
  7 fungi (D:8)
  A plant (Lair:1)
  3 toadstools (D:1)
13 creatures vanquished.

Grand Total: 312 creatures vanquished

Notes
Turn   | Place    | Note
-------+----------+-------------------------------------------
     0 | D:1      | Ivernyr the Ogre Wizard began the quest for the Orb.
     0 | D:1      | Reached XP level 1. HP: 16/16 MP: 5/5
    81 | D:1      | Reached skill level 1 in Conjurations
   336 | D:1      | Reached XP level 2. HP: 24/24 MP: 0/6
   393 | D:1      | Learned a level 2 spell: Blink
   416 | D:1      | Reached skill level 4 in Spellcasting
  1178 | D:1      | Reached XP level 3. HP: 32/32 MP: 5/8
  1183 | D:1      | Learned a level 3 spell: Conjure Flame
  1187 | D:1      | Learned a level 3 spell: Mephitic Cloud
  1356 | D:1      | Reached skill level 1 in Fighting
  2133 | D:2      | Found a burning altar of Makhleb.
  2218 | D:2      | Reached XP level 4. HP: 36/41 MP: 0/10
  2447 | D:2      | Found a shadowy altar of Dithmenos.
  3024 | D:3      | Reached skill level 5 in Spellcasting
  3183 | D:3      | Reached XP level 5. HP: 13/50 MP: 0/12
  3402 | D:3      | Noticed Jessica
  3409 | D:3      | Killed Jessica
  4017 | D:3      | Reached XP level 6. HP: 55/61 MP: 7/14
  4182 | D:3      | Found a deep blue altar of Sif Muna.
  4190 | D:3      | Became a worshipper of Sif Muna the Loreminder
  4557 | D:4      | Reached skill level 6 in Spellcasting
  5158 | D:4      | Reached skill level 1 in Invocations
  5397 | D:4      | Found a glowing golden altar of the Shining One.
  5482 | D:4      | Reached XP level 7. HP: 49/68 MP: 2/16
  5699 | D:4      | Found Muklurol's Antique Armour Boutique.
  6237 | D:5      | Entered Level 5 of the Dungeon
  6319 | D:5      | Reached skill level 7 in Spellcasting
  6696 | D:5      | Reached XP level 8. HP: 66/79 MP: 13/19
  6711 | D:5      | Reached skill level 5 in Fighting
  7264 | D:5      | Found a white marble altar of Elyvilon.
  7644 | D:6      | Reached * piety under Sif Muna
  7997 | D:6      | Reached skill level 8 in Spellcasting
  8867 | D:6      | Found a staircase to the Ecumenical Temple.
  8899 | D:6      | Noticed Grinder
  8910 | D:6      | Killed Grinder
  8910 | D:6      | Reached skill level 9 in Spellcasting
  8910 | D:6      | Reached XP level 9. HP: 79/92 MP: 14/22
  9081 | D:6      | Noticed Menkaure
  9090 | D:6      | Killed Menkaure
  9453 | D:6      | Noticed Edmund
  9470 | D:6      | Killed Edmund
  9470 | D:6      | Reached skill level 5 in Conjurations
  9905 | D:5      | Got an ivory spear
  9906 | D:5      | Identified the +5 spear of Jakhed {venom, rC+} (You found it on level 5 of the Dungeon)
 10281 | D:7      | Reached skill level 5 in Invocations
 10589 | D:7      | Noticed Dowan
 10609 | D:7      | Killed Dowan
 10628 | D:7      | Noticed Duvessa
 10635 | D:7      | Killed Duvessa
 10635 | D:7      | Reached ** piety under Sif Muna
 10781 | D:7      | Noticed Pikel
 10817 | D:7      | Killed Pikel
 11200 | D:7      | Found a snail-covered altar of Cheibriados.
 11740 | D:8      | Found a flagged portal.
 11775 | D:8      | Reached skill level 10 in Spellcasting
 11775 | D:8      | Reached XP level 10. HP: 104/104 MP: 8/24
 11932 | Bailey   | Entered a bailey
 11932 | Bailey   | Noticed an orc knight
 11977 | Bailey   | Killed an orc knight
 12000 | Bailey   | Noticed an orc knight
 12327 | D:8      | Reached *** piety under Sif Muna
 12391 | D:8      | Found a staircase to the Lair.
 12465 | D:8      | Noticed a two-headed ogre
 12470 | D:8      | Killed a two-headed ogre
 12470 | D:8      | Reached skill level 11 in Spellcasting
 13360 | D:8      | Reached XP level 11. HP: 115/115 MP: 18/26
 13634 | D:8      | Reached **** piety under Sif Muna
 14046 | D:9      | Noticed a two-headed ogre
 14055 | D:9      | Killed a two-headed ogre
 14296 | D:9      | Noticed a cyclops
 14358 | D:9      | Killed a cyclops
 14358 | D:9      | Reached skill level 12 in Spellcasting
 15096 | D:9      | Reached skill level 10 in Fighting
 15451 | D:9      | Found a staircase to the Orcish Mines.
 15750 | D:9      | Found a stormy altar of Qazlal.
 15750 | D:9      | Found an opulent altar of Gozag.
 16328 | Lair:1   | Entered Level 1 of the Lair of Beasts
 16737 | Lair:1   | Slain by a spiny frog

Skill      XL: |  1  2  3  4  5  6  7  8  9 10 11 |
---------------+----------------------------------+-----
Conjurations   | 1 2 3 4 6 7 |  7.9
Dodging        | 2 |  2.0
Spellcasting   | 4 5 6 7 9 10 11 12 | 12.6
Fighting       | 1 2 3 4 6 7 9 10 | 10.5
Invocations    | 1 2 4 5 7 8 |  8.3
Stealth        | |  1.4
Summonings     | |  0.8
Translocations | |  0.8

Action                   |  1- 3 |  4- 6 |  7- 9 | 10-12 || total
-------------------------+-------+-------+-------+-------++-------
Melee: Unarmed           |    27 |       |       |       ||    27
       Spear             |     3 |    60 |   123 |   308 ||   494
 Cast: Magic Dart        |    98 |   248 |   300 |   204 ||   850
       Conjure Flame     |       |     2 |    11 |    26 ||    39
       Mephitic Cloud    |       |     3 |    14 |    20 ||    37
       Blink             |       |     1 |     1 |     5 ||     7
  Use: Scroll            |       |       |     8 |     4 ||    12
       Potion            |       |       |       |     1 ||     1
 Stab: Confused          |       |     1 |     2 |     6 ||     9
       Sleeping          |       |       |       |     1 ||     1
  Eat: Chunk             |     3 |    10 |    20 |    16 ||    49
Armor: Robe              |    10 |    36 |    28 |    15 ||    89
       Troll leather arm |       |       |       |    22 ||    22
Dodge: Dodged            |    28 |    72 |    83 |    88 ||   271
